 Dungeon Crawl Stone Soup version 0.26-a0-642-g67e99244d3 (webtiles) character file.

Game seed: 11835082592964191829

192 Burgietje the Skirmisher (level 5, 0/35 HPs)
             Began as a Gargoyle Fighter on Sept 21, 2020.
             Slain by an orc wizard
             ... wielding a cursed +0 dagger
              (1 damage)
             ... on level 3 of the Dungeon.
             The game lasted 00:02:28 (2336 turns).

Burgietje the Skirmisher (Gargoyle Fighter)         Turns: 2336, Time: 00:02:29

Health: 0/35       AC: 10    Str: 20    XL:     5   Next: 71%
Magic:  5/5        EV:  7    Int:  9    God:
Gold:   161        SH:  9    Dex:  9    Spells: 4/4 levels left

rFire    . . .     SeeInvis .   a - +0 war axe
rCold    . . .     Faith    .   c - +0 kite shield
rNeg     + . .     Spirit   .   b - +0 scale mail
rPois    ∞         Reflect  .   (no helmet)
rElec    +         Harm     .   (no cloak)
rCorr    .         Rampage  .   (no gloves)
MR       .....                  (no boots)
Stlth    ..........             (no amulet)
HPRegen  0.11/turn              (no ring)
MPRegen  0.09/turn              (no ring)

@: no status effects
A: negative energy resistance 1, electricity resistance, unbreathing,
petrification resistance, rot immunity, AC +4
a: no special abilities


You were on level 3 of the Dungeon.
You visited 1 branch of the dungeon, and saw 3 of its levels.

You collected 161 gold pieces.

Inventory:

Hand Weapons
 a - a +0 war axe (weapon)
Armour
 b - a +0 scale mail (worn)
 c - a +0 kite shield (worn)
Scrolls
 e - 5 scrolls of identify {unknown}
 f - a scroll of immolation {unknown}
 g - 2 scrolls of remove curse {unknown}
 h - 2 scrolls of enchant weapon {unknown}
 j - 2 scrolls of teleportation {unknown}
 k - a scroll of enchant armour {unknown}
 m - 2 scrolls of noise {unknown}
 n - a scroll of blinking {unknown}
 q - a scroll of fear {unknown}
Potions
 d - a potion of might
 i - 2 potions of heal wounds {unknown}
 l - a potion of stabbing {unknown}
 o - a potion of berserk rage {unknown}
 p - a potion of invisibility {unknown}


   Skills:
 + Level 5.3 Fighting
 + Level 3.8 Axes
 - Level 3.2 Armour
 - Level 3.2 Shields


You had 4 spell levels left.
You didn't know any spells.
Your spell library was empty.

Dungeon Overview and Level Annotations

Branches:
Dungeon (3/15)

Altars:
Hepliaklqana


Innate Abilities, Weirdness & Mutations

You are resistant to torment.
Your stone body is resilient. (AC +4)
You are immune to poison.
You resist negative energy. (rN+)
You are resistant to electric shocks. (rElec)
You can survive without breathing.
You are immune to petrification.
You are immune to rotting.


Message History

You kill the orc!
The orc hits you from afar with a +0 trident.
You closely miss something.
You hear some strange, mumbled words.
A puff of frost appears from out of thin air!
The puff of frost misses you. The orc hits you but does no damage.
Something hits you but does no damage.
You closely miss something. You block the orc's attack.
You hear some strange, mumbled words.
A magic dart appears from out of thin air!
The magic dart hits you!
* * * LOW HITPOINT WARNING * * *
The orc hits you but does no damage.
You closely miss something.
You hear some strange, mumbled words.
A puff of flame appears from out of thin air!
The puff of flame hits you!
* * * LOW HITPOINT WARNING * * *
The orc closely misses you. Something hits you.
You die...

...#........#...#
...#........##..#
...#........##..#
...#####...†##...
............###.####
....................
............###..####
............##......#
...###......##.#@##.#
.#####......##.#>{..#
#...##......##.#.o###
#...##......##.#..#
............##.#..#
#...##......##.#..#
#....<......##.#..#
#.####......##.#..#
#.#####.#.####.#


You could see an orc.

Vanquished Creatures
  An orc priest (D:3)
  5 adders (D:2)
  2 oozes (D:3)
  3 worms
  4 dart slugs
  3 leopard geckos
  7 orcs (D:3)
  4 giant cockroaches
  13 hobgoblins
  7 jackals
  A quokka (D:2)
  2 ball pythons (D:1)
  4 bats
  5 frilled lizards
  5 goblins
  10 kobolds
  13 rats
89 creatures vanquished.

Vanquished Creatures (others)
  8 plants (D:3)
8 creatures vanquished.

Grand Total: 97 creatures vanquished

Notes
Turn   | Place    | Note
-------+----------+-------------------------------------------
     0 | D:1      | Burgietje the Gargoyle Fighter began the quest for the Orb.
     0 | D:1      | Reached XP level 1. HP: 14/14 MP: 1/1
    86 | D:1      | Reached XP level 2. HP: 19/19 MP: 2/2
   546 | D:1      | Reached XP level 3. HP: 22/24 MP: 3/3
   611 | D:1      | Reached skill level 4 in Fighting
   993 | D:2      | Reached XP level 4. HP: 30/30 MP: 4/4
  1477 | D:2      | Found a hazy altar of Hepliaklqana.
  1588 | D:3      | Reached skill level 5 in Fighting
  1588 | D:3      | Reached XP level 5. HP: 20/35 MP: 5/5
  2336 | D:3      | HP: 1/35 [something/puff of flame (7)]
  2336 | D:3      | Slain by an orc wizard

Illustrated notes

Levels and vault maps discovered:
D:1:      heliophobic_arrival_ceremonial_halls, layout_loops_ring
D:2:      layout_rooms, lemuel_coloured_pillars_altar, serial_curves,
          eino_curves_04, eino_curves_04, feat_on_display
D:3:      layout_basic, minmay_misc_feat_plants, lexackson_kobold_supper

Skill      XL: |  1  2  3  4 |
---------------+-------------+-----
Axes           | 2 3 |  3.8
Fighting       | 4 5 |  5.3
Armour         | |  3.2
Shields        | |  3.2

Action                   |  1- 3 |  4- 6 || total
-------------------------+-------+-------++-------
Melee: War axe           |    98 |   141 ||   239
Armor: Scale mail        |    64 |    91 ||   155
Dodge: Dodged            |    44 |    47 ||    91
Block: Kite shield       |    67 |    83 ||   150

Table legend: (Time is in decaauts)
 A = Elapsed time spent in this place.
 B = Non-inter-level travel time spent in this place.
 C = Inter-level travel time spent in this place.
 D = Time resting spent in this place.
 E = Time spent auto-exploring this place.
 F = Levels seen in this place.
 G = Mean time per level.
                   A        B        C        D        E       F      G
               +--------+--------+--------+--------+--------+-----+--------+
         Total |   2439 |   2367 |     72 |    154 |   1625 |   3 |  813.0 |
       Dungeon |   2439 |   2367 |     72 |    154 |   1625 |   3 |  813.0 |
               +--------+--------+--------+--------+--------+-----+--------+

Top non-repeatable levels by time:
     D:1: 950 daAuts
     D:2: 762 daAuts
     D:3: 726 daAuts
